 Dungeon Crawl Stone Soup version 0.30-a0-930-gb9d0489357 (webtiles) character file.

Game seed: 12094589024356092998

1121 ragingrage the Skirmisher (level 8, -7/55 HPs)
             Began as a Vampire Hunter on Mar 23, 2023.
             Mangled by a gnoll sergeant
             ... wielding a +0 hand axe
              (12 damage)
             ... on level 5 of the Dungeon.
             The game lasted 00:03:56 (3540 turns).

ragingrage the Skirmisher (Vampire Hunter)          Turns: 3540, Time: 00:03:57

Health: -7/55      AC:  8    Str: 10    XL:     8   Next: 12%
Magic:  8/8        EV: 11    Int: 11    God:
Gold:   258        SH:  0    Dex: 20    Spells: 7/7 levels left

rFire   . . .      SeeInvis +    a - +0 longbow
rCold   . . .      Faith    .    (shield currently unavailable)
rNeg    . . .      Spirit   .    u - +2 ring mail {rPois}
rPois   +          Reflect  .    l - +0 helmet
rElec   .          Rampage  .    (no cloak)
rCorr   .                        (no gloves)
Will    .....                    (no boots)
Stlth   ++                       (no amulet)
HPRegen 0.49/turn                s - ring of wizardry
MPRegen 0.11/turn                (no ring)

@: healing quickly
A: alive, fangs 3, see invisible, vampiric 2
a: Exsanguinate


You were on level 5 of the Dungeon.
You visited 1 branch of the dungeon, and saw 5 of its levels.

You collected 258 gold pieces.

Inventory:

Hand Weapons
 a - a +0 longbow (weapon)
 v - a +0 dagger of venom
Missiles
 d - 16 poisoned darts
Armour
 l - a +0 helmet (worn)
 u - a +2 ring mail of poison resistance (worn)
Jewellery
 s - a ring of wizardry (left hand)
Wands
 w - a wand of mindburst (5)
Scrolls
 b - 2 scrolls of immolation
 c - a scroll of teleportation {unknown}
 e - a scroll of silence {unknown}
 f - a scroll of magic mapping {unknown}
 i - a scroll of noise {unknown}
 j - 2 scrolls of enchant weapon
 k - 2 scrolls of identify
 m - a scroll of vulnerability {unknown}
 n - a scroll of acquirement {unknown}
 o - a scroll of blinking {unknown}
 q - a scroll of amnesia {unknown}
 x - a scroll of torment {unknown}
 y - a scroll of fear {unknown}
Potions
 g - a potion of lignification
 h - a potion of degeneration
 p - a potion of magic
 r - a potion of might


   Skills:
 - Level 1.7 Fighting
 + Level 8.6 Ranged Weapons
 - Level 2.1 Dodging
 - Level 3.0 Stealth


You had 7 spell levels left.
You didn't know any spells.
Your spell library contained the following spells:

 Spells                   Type           Power      Damage    Failure   Level
 Lesser Beckoning         Tloc           0%         N/A       45%         2
 Gell's Gravitas          Tloc           0%         N/A       69%         3
 Inner Flame              Hex/Fire       0%         N/A       69%         3
 Teleport Other           Tloc           0%         N/A       69%         3
 Flame Wave               Conj/Fire      0%         2d4       97%         4
 Sticky Flame             Conj/Fire      0%         2d3       97%         4
 Shatter                  Erth           0%         3d5*      100%        9


Dungeon Overview and Level Annotations

Branches:
Dungeon (5/15)
 Temple: D:4-7

Altars:
Okawaru

Annotations:
D:4 exclusion: downstairs


Innate Abilities, Weirdness & Mutations

Your natural rate of healing is accelerated.
You have razor-sharp teeth.
You have supernaturally acute eyesight. (SInv)
You are afflicted with vampirism and can become a bat while bloodless.


Message History

Here: a gnoll sergeant, wielding a +0 hand axe, wearing a +0 chain mail and wearing a +0 buckler The floor.
You shoot an arrow. The arrow hits the howler monkey.
The howler monkey hoots and howls with incredible vigour!
You hear a shout!
You shoot an arrow. The arrow hits the howler monkey!!
You kill the howler monkey!
You shoot an arrow. The arrow hits the gnoll sergeant!
You shoot an arrow.
The arrow hits the gnoll sergeant but does no damage.
The gnoll sergeant barely misses you.
The gnoll sergeant hits you with a +0 hand axe.
You shoot an arrow.
The arrow hits the gnoll sergeant but does no damage.
The gnoll sergeant hits you with a +0 hand axe!
You shoot an arrow. The arrow hits the gnoll sergeant!
The gnoll sergeant misses you.
You shoot an arrow. The gnoll sergeant blocks the arrow.
The gnoll sergeant hits you with a +0 hand axe!
You shoot an arrow.
The arrow hits the gnoll sergeant but does no damage.
The gnoll sergeant hits you with a +0 hand axe! x2
You shoot an arrow. The gnoll sergeant blocks the arrow.
The gnoll sergeant hits you with a +0 hand axe.
* * * LOW HITPOINT WARNING * * *
You shoot an arrow.
The arrow barely misses the gnoll sergeant.
The gnoll sergeant hits you with a +0 hand axe.
* * * LOW HITPOINT WARNING * * *
You shoot an arrow.
The arrow hits the gnoll sergeant but does no damage.
The gnoll sergeant hits you with a +0 hand axe.
* * * LOW HITPOINT WARNING * * *
The gnoll sergeant hits you with a +0 hand axe.
* * * LOW HITPOINT WARNING * * *
Aiming: Mindburst
Aim: a gnoll sergeant, wielding a +0 hand axe, wearing a +0 chain mail and wearing a +0 buckler (heavily wounded, chance to affect: 64%)
The gnoll sergeant struggles to resist.
The gnoll sergeant hits you with a +0 hand axe!
You die...

##### .....> ......###
........#
#####.#.#######
#.........g@..#
#.###.#.#####.#######.#
#.#.#####.........# #
#.#.......#######
#.#.#####.# #.# #.# ..#
#.# ### #.######
#......#####


You could see a gnoll sergeant.

Vanquished Creatures
  A water moccasin (D:5)
  An ice beast (D:5)
  An ogre (D:3)
  A centaur (D:5)
  A phantom (D:5)
  2 scorpions (D:5)
  3 killer bees
  A howler monkey (D:5)
  2 jellies (D:4)
  2 orc priests (D:5)
  2 hounds (D:5)
  Ijyb (D:3)
  An iguana (D:5)
  An orc wizard (D:5)
  Robin (D:3)
  9 adders
  2 dart slugs
  An orc (D:4)
  3 endoplasms
  A giant cockroach (D:2)
  12 goblins
  7 hobgoblins
  3 kobolds (D:4)
  3 quokkas
  2 ball pythons (D:2)
  3 bats
  A frilled lizard (D:3)
  3 rats
71 creatures vanquished.

Vanquished Creatures (others)
  A plant (D:5)
1 creature vanquished.

Grand Total: 72 creatures vanquished

Notes
Turn   | Place    | Note
-------+----------+-------------------------------------------
     0 | D:1      | ragingrage the Vampire Hunter began the quest for the Orb.
     0 | D:1      | Reached XP level 1. HP: 16/16 MP: 1/1
   155 | D:1      | Reached XP level 2. HP: 22/22 MP: 2/2
   744 | D:2      | Found a faded altar of an unknown god.
   752 | D:2      | Gained mutation: You are afflicted with vampirism and can
                  | become a bat while bloodless. [Vampire growth]
   752 | D:2      | Reached XP level 3. HP: 20/27 MP: 3/3
   864 | D:2      | Reached skill level 4 in Ranged Weapons
  1144 | D:3      | Noticed Ijyb
  1194 | D:3      | Got Daast's Collected Works on Lithic Pyromania
  1435 | D:3      | Reached XP level 4. HP: 33/33 MP: 4/4
  1438 | D:3      | Noticed Robin
  1449 | D:3      | Killed Robin
  1778 | D:4      | Found an iron altar of Okawaru.
  1780 | D:4      | Reached skill level 5 in Ranged Weapons
  1848 | D:4      | Reached XP level 5. HP: 38/38 MP: 5/5
  2294 | D:5      | Entered Level 5 of the Dungeon
  2385 | D:5      | Reached skill level 6 in Ranged Weapons
  2385 | D:5      | Reached XP level 6. HP: 34/44 MP: 6/6
  2541 | D:5      | Noticed a water moccasin
  2563 | D:3      | HP: 2/44 [ogre/+0 giant club (12)]
  2873 | D:3      | Killed Ijyb
  2939 | D:3      | Reached XP level 7. HP: 49/49 MP: 7/7
  3031 | D:5      | Reached skill level 7 in Ranged Weapons
  3302 | D:5      | Reached skill level 8 in Ranged Weapons
  3365 | D:5      | Reached XP level 8. HP: 16/55 MP: 8/8
  3540 | D:5      | Mangled by a gnoll sergeant

Illustrated notes

Levels and vault maps discovered:
D:1:      mrwooster_arrival_statue_3, layout_loops_ring
D:2:      layout_basic, basic_ecumenical_altar
D:3:      layout_basic, uniq_robin, uniq_ijyb
D:4:      layout_basic, nicolae_overflow_crystal_walls, serial_glass,
          glass_columns_c, glass_columns_c
D:5:      layout_loops_ring, mainiacjoe_overflow_surrounded_room,
          tso_oasis_becter, nicolae_take_the_stairs, minmay_starry_boxes

Skill      XL: |  1  2  3  4  5  6  7 |
---------------+----------------------+-----
Stealth        | 2 3 |  3.0
Ranged Weapons | 4 5 6 8 |  8.6
Fighting       | |  1.7
Dodging        | |  2.1

Action                     |  1- 3 |  4- 6 |  7- 9 || total
---------------------------+-------+-------+-------++-------
  Melee: Longbow           |       |       |     2 ||     2
         Unarmed           |       |       |     8 ||     8
   Fire: Shortbow          |    70 |    23 |       ||    93
         Longbow           |       |    66 |    68 ||   134
  Evoke: Wand              |       |       |     1 ||     1
    Use: Scroll            |     2 |     2 |     1 ||     5
         Potion            |       |       |     3 ||     3
 Armour: Leather armour    |     4 |     4 |       ||     8
         Ring mail         |       |    17 |    22 ||    39
         Skin              |       |       |     6 ||     6
  Dodge: Dodged            |     6 |    19 |    35 ||    60

Table legend: (Time is in decaauts)
 A = Elapsed time spent in this place.
 B = Non-inter-level travel time spent in this place.
 C = Inter-level travel time spent in this place.
 D = Time resting spent in this place.
 E = Time spent auto-exploring this place.
 F = Levels seen in this place.
 G = Mean time per level.
                   A        B        C        D        E       F      G
               +--------+--------+--------+--------+--------+-----+--------+
         Total |   3628 |   3306 |    322 |    538 |   2140 |   5 |  725.6 |
       Dungeon |   3628 |   3306 |    322 |    538 |   2140 |   5 |  725.6 |
               +--------+--------+--------+--------+--------+-----+--------+

Top non-repeatable levels by time:
     D:3: 942 daAuts
     D:4: 873 daAuts
     D:5: 708 daAuts
     D:1: 622 daAuts
     D:2: 480 daAuts
